 Dungeon Crawl Stone Soup version 0.30.1 (webtiles) character file.

Game seed: 10197859231637395286

5198 Fodor the Protected (level 10, -5/90 HPs)
             Began as a Minotaur Fighter on July 8, 2023.
             Was an Initiate of Gozag.
             Slain by a seven-headed hydra (8 damage)
             ... on level 8 of the Dungeon.
             The game lasted 00:45:04 (11221 turns).

Fodor the Protected (Minotaur Fighter)             Turns: 11221, Time: 00:45:05

Health: -5/90      AC: 15    Str: 23    XL:     10   Next: 34%
Magic:  9/9        EV: 10    Int:  7    God:    Gozag
Gold:   845        SH:  0    Dex: 10    Spells: 9/9 levels left

rFire   . . .        D - +2 shortbow (freeze)
rCold   + . .        (shield currently unavailable)
rNeg    . . .        y - +2 chain mail
rPois   .            (helmet restricted)
rElec   .            (no cloak)
rCorr   +            r - +0 pair of gloves
SInv    .            (no boots)
Will    .....        q - amulet of faith Stlth
                     k - ring of protection from cold
HPRegen 0.35/turn    t - ring of resist corrosion
MPRegen 0.11/turn

%: faith
@: studying Polearms
A: horns 2, retaliatory headbutt
a: Renounce Religion, Potion Petition, Call Merchant, Bribe Branch


You were on level 8 of the Dungeon.
You worshipped Gozag.
Gozag was pleased with you.
You visited 2 branches of the dungeon, and saw 10 of its levels.

You collected 1017 gold pieces.
You paid 172 gold pieces to Gozag.

Inventory:

Hand Weapons
 a - a +0 long sword
 h - a +0 short sword of venom
 D - a +2 shortbow of freezing (weapon)
Missiles
 m - 5 silver javelins
 u - 23 poisoned darts
Armour
 c - a +0 buckler
 r - a +0 pair of gloves (worn)
 y - a +2 chain mail (worn)
Jewellery
 k - a ring of protection from cold (left hand)
 q - an amulet of faith (around neck)
 t - a ring of resist corrosion (right hand)
Wands
 A - a wand of quicksilver (9)
 B - a wand of iceblast (11)
 H - a wand of polymorph (3)
Scrolls
 d - a scroll of silence
 e - a scroll of enchant weapon {unknown}
 g - 3 scrolls of amnesia
 i - a scroll of brand weapon
 n - 2 scrolls of blinking
 o - 4 scrolls of magic mapping
 p - 3 scrolls of teleportation
 w - 2 scrolls of vulnerability
 x - 2 scrolls of fear
Potions
 f - 2 potions of brilliance {unknown}
 j - 2 potions of mutation {unknown}
 l - a potion of degeneration {unknown}
 s - 2 potions of flight {unknown}
 v - 2 potions of berserk rage {unknown}
 E - a potion of magic {unknown}
 F - 2 potions of attraction {unknown}
 G - a potion of invisibility {unknown}


   Skills:
 + Level 8.4 Fighting
 + Level 7.3(7.6) Short Blades
 + Level 3.3(6.1) Long Blades
 + Level 3.2 Ranged Weapons
 + Level 2.3 Throwing
 + Level 11.7 Armour
 + Level 4.5 Dodging
 + Level 1.2 Stealth
 + Level 6.5 Shields
 + Level 0.1 Unarmed Combat


You had 9 spell levels left.
You didn't know any spells.
Your spell library contained the following spells:

 Spells                   Type           Power      Damage    Failure   Level
 Beastly Appendage        Tmut           0%         N/A       89%         1
 Wereblood                Tmut           0%         N/A       96%         2
 Dazzling Flash           Conj/Hex       0%         N/A       99%         3
 Ozocubu's Armour         Ice            0%         N/A       99%         3
 Spider Form              Tmut/Pois      0%         N/A       99%         3
 Volatile Blastmotes      Fire/Tloc      0%         2d10      99%         3
 Iskenderun's Mystic Bla  Conj/Tloc      0%         2d3       100%        4
 Starburst                Conj/Fire      0%         6d3       100%        6
 Ozocubu's Refrigeration  Ice            0%         4d7       100%        7


Dungeon Overview and Level Annotations

Branches:
Dungeon (9/15)             Temple (1/1) D:7            Lair (0/5) D:8
    Orc: D:9-12

Altars:
Ashenzari
Dithmenos
Elyvilon
Fedhas
Gozag
Kikubaaqudgha
Okawaru
Qazlal
Ru
Sif Muna
Uskayaw
Wu Jian
Xom
Yredelemnul
The Shining One

Shops:
D:5 [

Annotations:
D:8 2 transporters


Innate Abilities, Weirdness & Mutations

You have a pair of horns on your head.
You reflexively headbutt those who attack you in melee.


Message History

You shoot an arrow. The arrow hits the seven-headed hydra!
The seven-headed hydra seems to slow down.
The arrow freezes the seven-headed hydra.
The seven-headed hydra is heavily wounded.
The seven-headed hydra closely misses you.
You furiously retaliate!
You headbutt the seven-headed hydra!
The seven-headed hydra bites you. x2; The seven-headed hydra bites you!
The seven-headed hydra bites you but does no damage.
The seven-headed hydra bites you. The seven-headed hydra bites you!
* * * LOW HITPOINT WARNING * * *
The seven-headed hydra bites you.
* * * LOW HITPOINT WARNING * * *
The seven-headed hydra misses you.
The seven-headed hydra bites you but does no damage. x2
The seven-headed hydra bites you.
* * * LOW HITPOINT WARNING * * *
The seven-headed hydra bites you.
* * * LOW HITPOINT WARNING * * *
The seven-headed hydra bites you but does no damage.
You shoot an arrow. The arrow hits the seven-headed hydra.
The seven-headed hydra seems to slow down.
The arrow freezes the seven-headed hydra.
The seven-headed hydra is heavily wounded.
The seven-headed hydra closely misses you.
The seven-headed hydra bites you but does no damage.
The seven-headed hydra closely misses you.
The seven-headed hydra barely misses you.
The seven-headed hydra bites you but does no damage.
The seven-headed hydra closely misses you.
The seven-headed hydra bites you but does no damage.
You shoot an arrow. The arrow hits the seven-headed hydra.
The arrow freezes the seven-headed hydra.
The seven-headed hydra is severely wounded.
The seven-headed hydra bites you but does no damage. x2
The seven-headed hydra bites you.
* * * LOW HITPOINT WARNING * * *
The seven-headed hydra bites you but does no damage.
The seven-headed hydra bites you!
You die...
Your body crumbles into a pile of gold.

.....# #.# #.# ♣.♣ #...).#
.....###.# #.# $ ♣.♣##♣'♣##
#..####..###.# ###♣♣♣♣.#..>..#
..........##.# +#(......'..8..'
#.........##.# ##$#.#♣♣♣♣.#..<..#
..........##.###o.#.# ♣.♣##♣'♣##
...♣...P......##DT#.# ♣.♣ ♣♣.♣♣
..............##D##.#♣.♣ #♣...♣#
....♣.........#.@...#.♣ #.....#
..........P...#.♣♣♣.#♣ #♣...♣#
♣........♣....#.....# ♣♣.♣♣
♣..>...♣......####### ####♣.♣##
..♣...P.......# ♣♣♣........
..............# #♣..♣♣♣♣.♣♣♣
..............########.♣♣♣...~...
..♣...♣...##.).......#♣..♣♣♣♣.♣♣♣
.........#.......#####♣♣♣........


You could see a seven-headed hydra (slow), an orc knight, a troll and an acid
dragon.

Vanquished Creatures
  Pikel (D:8)
  A cyclops (D:7)
  A basilisk (D:8)
  A wyvern (D:8)
  A steam dragon (D:8)
  An acid dragon (D:8)
  7 water moccasins
  Duvessa (D:4)
  An ice beast (D:7)
  A sky beast (D:8)
  2 black bears
  3 ogres
  4 lemures (D:8)
  A phantom (D:6)
  5 wolves (D:8)
  3 centaurs
  2 kobold brigands
  4 bullfrogs
  7 scorpions
  A wight (D:8)
  Dowan (D:4)
  3 howler monkeys
  4 jellies
  2 hounds (D:7)
  2 orc priests (D:8)
  2 sleepcaps
  5 iguanas
  3 orc wizards
  Robin (D:4)
  3 gnolls (D:3)
  8 adders
  A shadow imp (D:8)
  2 worms
  4 dart slugs
  21 orcs
  3 bats
  8 endoplasms
  3 giant cockroaches
  11 goblins
  6 hobgoblins
  16 kobolds
  5 quokkas (D:1)
  9 ball pythons
  6 frilled lizards
  9 rats
186 creatures vanquished.

Notes
Turn   | Place    | Note
-------+----------+-------------------------------------------
     0 | D:1      | Fodor the Minotaur Fighter began the quest for the Orb.
     0 | D:1      | Reached XP level 1. HP: 19/19 MP: 0/0
   121 | D:1      | Reached XP level 2. HP: 27/27 MP: 1/1
   676 | D:1      | Reached skill level 4 in Armour
   695 | D:1      | Reached XP level 3. HP: 21/33 MP: 2/2
   996 | D:2      | Found an ancient bone altar of Kikubaaqudgha.
  1406 | D:2      | Reached XP level 4. HP: 41/41 MP: 3/3
  2047 | D:3      | Reached skill level 1 in Short Blades
  2217 | D:3      | You fall into a shaft and drop 3 floors!
  2234 | D:6      | Noticed a black bear
  2241 | D:6      | Noticed a scorpion
  2243 | D:6      | Reached XP level 5. HP: 36/47 MP: 4/4
  2246 | D:6      | Killed a black bear
  2247 | D:6      | Reached skill level 5 in Armour
  2247 | D:6      | Reached skill level 1 in Dodging
  2252 | D:6      | HP: 2/47 [poisoned by a scorpion]
  2254 | D:6      | Reached XP level 6. HP: 1/53 MP: 5/5
  2281 | D:5      | Entered Level 5 of the Dungeon
  2288 | D:4      | Noticed Duvessa
  2288 | D:4      | Noticed Dowan
  2318 | D:4      | Killed Duvessa
  2328 | D:4      | Reached skill level 5 in Fighting
  2328 | D:4      | Reached skill level 6 in Armour
  2334 | D:4      | Killed Dowan
  2487 | D:4      | Reached XP level 7. HP: 40/61 MP: 6/6
  3317 | D:4      | Reached skill level 5 in Shields
  3329 | D:4      | Noticed Robin
  3338 | D:4      | Reached skill level 7 in Armour
  3348 | D:4      | Killed Robin
  4329 | D:5      | Found Ytzaifun's Antique Armour Boutique.
  4379 | D:5      | Found a hide-covered altar of Uskayaw.
  4407 | D:5      | Found an iron altar of Okawaru.
  4409 | D:5      | Found a shimmering altar of Xom.
  4411 | D:5      | Found a shadowy altar of Dithmenos.
  5445 | D:5      | Found a glowing golden altar of the Shining One.
  5594 | D:6      | Reached XP level 8. HP: 68/68 MP: 7/7
  5638 | D:6      | Reached skill level 8 in Armour
  5810 | D:6      | Found an ornate altar of the Wu Jian Council.
  6113 | D:6      | Reached skill level 1 in Throwing
  6254 | D:6      | Reached skill level 5 in Short Blades
  6254 | D:6      | Reached skill level 1 in Stealth
  6467 | D:6      | Reached skill level 9 in Armour
  7456 | D:7      | Noticed a cyclops
  7468 | D:7      | Killed a cyclops
  7469 | D:7      | Reached XP level 9. HP: 29/78 MP: 8/8
  7987 | D:7      | Found a white marble altar of Elyvilon.
  8461 | D:7      | Found a staircase to the Ecumenical Temple.
  8479 | Temple   | Entered the Ecumenical Temple
  8504 | Temple   | Became a worshipper of Gozag Ym Sagoz the Greedy
  8655 | D:7      | Reached skill level 10 in Armour
  9371 | D:8      | Found a transporter.
  9508 | D:8      | Noticed Pikel
  9547 | D:8      | Killed Pikel
  9818 | D:8      | Reached skill level 11 in Armour
 10068 | D:8      | Reached skill level 1 in Ranged Weapons
 10068 | D:8      | Reached XP level 10. HP: 48/86 MP: 9/9
 10081 | D:8      | HP: 3/86 [steam dragon (8)]
 10796 | D:8      | Found a staircase to the Lair.
 11030 | D:8      | Found a transporter.
 11071 | D:8      | Found a transporter.
 11082 | D:8      | Found a transporter.
 11215 | D:8      | Noticed an orc knight
 11215 | D:8      | Noticed a seven-headed hydra
 11221 | D:8      | HP: 3/90 [seven-headed hydra (5)]
 11221 | D:8      | Slain by a seven-headed hydra

Illustrated notes

Levels and vault maps discovered:
D:1:      spicycebolla_arrival_ecumenical, layout_basic
D:2:      layout_loops_ring, basic_altar
D:3:      layout_rooms, st_stairs_3
D:4:      layout_basic, uniq_robin, uniq_duvessa
D:5:      layout_loops_ring, nicolae_overflow_hidden_temple, serial_shops,
          nicolae_take_the_stairs, dk_noncrumbling_3
D:6:      kennysheep_six_static_rooms, layout_basic, nzn_wu_jian_council_hall
D:7:      lemuel_ice_spiral_2, layout_basic,
          mainiacjoe_overflow_concentric_impassable,
          minmay_temple_entry_offerings
D:8:      nzn_winding_woodlands_stair_cross [nzn_winding_woodlands_5x15_eye,
          nzn_winding_woodlands_center_pierced_h,
          nzn_winding_woodlands_5x15_jagged, nzn_winding_woodlands_5x5_default,
          nzn_winding_woodlands_5x5_three, nzn_winding_woodlands_5x15_sawtooth,
          nzn_winding_woodlands_center_lodge,
          nzn_winding_woodlands_5x15_zeroes], layout_rooms,
          minmay_lair_entry_grove, serial_park_tiny_1,
          nicolae_transporter_intersection, uniq_pikel
D:9:      layout_roguey, nicolae_hepliaklqana_monster_ancestors, serial_shops,
          kennysheep_mini
Temple:   eino_temple_water

Skill      XL: |  1  2  3  4  5  6  7  8  9 10 |
---------------+-------------------------------+-----
Shields        | 4 5 6 |  6.5
Fighting       | 4 5 6 7 8 |  8.4
Armour         | 4 5 6 7 9 11 | 11.7
Long Blades    | 3 |  3.3
Short Blades   | 1 2 3 4 6 7 |  7.3
Dodging        | 1 2 3 4 |  4.5
Throwing       | 1 2 |  2.3
Stealth        | 1 |  1.2
Ranged Weapons | 1 3 |  3.2
Unarmed Combat | |  0.1

Action                     |  1- 3 |  4- 6 |  7- 9 | 10-12 || total
---------------------------+-------+-------+-------+-------++-------
  Melee: Long sword        |    29 |       |       |       ||    29
         Short sword       |    53 |    95 |   435 |       ||   583
         Headbutt          |    17 |    21 |    93 |       ||   131
         Unarmed           |       |       |     3 |       ||     3
   Fire: Shortbow          |       |       |    17 |   102 ||   119
  Throw: Dart              |       |     3 |    24 |       ||    27
    Use: Potion            |       |     4 |     8 |       ||    12
         Scroll            |       |       |    10 |     6 ||    16
 Armour: Scale mail        |    28 |    38 |    24 |       ||    90
         Chain mail        |       |       |   142 |   113 ||   255
  Dodge: Dodged            |    36 |    40 |   139 |    94 ||   309
  Block: Buckler           |    16 |    21 |    71 |       ||   108
